 Dungeon Crawl Stone Soup version 0.29.1-12-g30fa7ad0bf (webtiles) character file.

Game seed: 2238463878356704925

6 wrenrar the Caller (level 1, 0/10 HPs)
             Began as a Tengu Summoner on Jan 9, 2023.
             Slain by a goblin
             ... wielding a +0 club
              (1 damage)
             ... on level 1 of the Dungeon.
             The game lasted 00:00:55 (247 turns).

wrenrar the Caller (Tengu Summoner)                  Turns: 247, Time: 00:00:56

Health: 0/10       AC:  2    Str:  8    XL:     1   Next: 90%
Magic:  4/4        EV: 12    Int: 15    God:
Gold:   24         SH:  0    Dex: 14    Spells: 3/4 levels left

rFire   . . .      SeeInvis .   (no weapon)
rCold   . . .      Faith    .   (no shield)
rNeg    . . .      Spirit   .   a - +0 robe
rPois   .          Reflect  .   (helmet restricted)
rElec   .          Harm     .   (no cloak)
rCorr   .          Rampage  .   (no gloves)
Will    .....                   (boots unavailable)
Stlth   ++........              (no amulet)
HPRegen 0.03/turn               (no ring)
MPRegen 0.09/turn               (no ring)

@: no status effects
A: beak, talons 3
a: no special abilities


You were on level 1 of the Dungeon.
You visited 1 branch of the dungeon, and saw 1 of its levels.

You collected 24 gold pieces.

Inventory:

Armour
 a - a +0 robe (worn)
Scrolls
 c - a scroll of identify {unknown}
Potions
 b - a potion of magic


   Skills:
 + Level 2.3 Dodging
 + Level 2.1 Stealth
 + Level 2.1 Spellcasting
 + Level 4.9 Summonings


You had 3 spell levels left.
You knew the following spells:

 Your Spells              Type           Power      Damage    Failure   Level
a - Summon Small Mammal   Summ           64%        N/A       2%          1

Your spell library contained the following spells:

 Spells                   Type           Power      Damage    Failure   Level
 Call Imp                 Summ           16%        N/A       4%          2
 Call Canine Familiar     Summ           16%        N/A       9%          3
 Summon Guardian Golem    Hex/Summ       9%         N/A       24%         3
 Summon Lightning Spire   Summ/Air       9%         N/A       61%         4


Dungeon Overview and Level Annotations

Branches:
Dungeon (1/15)

Altars:

Shops:
D:1 ?


Innate Abilities, Weirdness & Mutations

You have a beak for a mouth.
You have claws for feet.


Message History

You hit the ball python but do no damage.
You claw the ball python.
You kill the ball python!
A ball python comes into view.
Found Liussim's Magic Scroll Shoppe.
A ball python is nearby!
A giant cockroach comes into view.
You hit the ball python.
You claw the ball python, but do no damage.
The ball python is severely wounded.
The ball python barely misses you. x2
You hit the ball python.
You kill the ball python!
You see here a ball python corpse.
You see here a ball python corpse.
The helpless giant cockroach fails to defend itself.
You hit the giant cockroach but do no damage.
Your kick misses the giant cockroach. The giant cockroach bites you.
You hit the giant cockroach but do no damage.
You claw the giant cockroach. You peck the giant cockroach.
You kill the giant cockroach!
A goblin comes into view. It is wielding a +0 club.
The goblin shouts!
A goblin is nearby!
A goblin is nearby!
The goblin hits you with a +0 club.
You closely miss the goblin. Your kick misses the goblin.
Your peck misses the goblin. The goblin misses you.
You miss the goblin. You peck the goblin.
The goblin is heavily wounded.
The goblin hits you with a +0 club.
You closely miss the goblin. Your kick misses the goblin.
The goblin is heavily wounded.
The goblin hits you with a +0 club.
* * * LOW HITPOINT WARNING * * *
You hit the goblin. You claw the goblin, but do no damage.
You peck the goblin, but do no damage.
The goblin is severely wounded.
The goblin hits you with a +0 club.
You die...

#.........##....
##.......####... ##
##.....## #.... .. ##...##
##... #. ##+# ##.. ##.##
#.# ##. #...# #.# #.
#.#g#####.## #.
#..@##.....## #. #
##.∩.#..###..# #.
#.#.##.....#.# #..# #.
#.......#....###..#######.
#.....†.................
########.######.########
#........# ##########


You could see a goblin.

Vanquished Creatures
  A dart slug (D:1)
  A giant cockroach (D:1)
  2 ball pythons (D:1)
  A goblin (D:1)
5 creatures vanquished.

Notes
Turn   | Place    | Note
-------+----------+-------------------------------------------
     0 | D:1      | wrenrar the Tengu Summoner began the quest for the Orb.
     0 | D:1      | Reached XP level 1. HP: 10/10 MP: 4/4
   187 | D:1      | Found Liussim's Magic Scroll Shoppe.
   247 | D:1      | Slain by a goblin

Illustrated notes

Levels and vault maps discovered:
D:1:      dpeg_arrival_round_b, layout_loops_corners, serial_shops,
          nicolae_shop_stone, hellmonk_ecumenical_altar_run_dry

Action                   || total
-------------------------++-------
Melee: Unarmed           ||    16
       Kick              ||     6
       Peck              ||     5
 Stab: Sleeping          ||     1
Dodge: Dodged            ||     6
